 Dungeon Crawl Stone Soup version 0.25-a0-341-g6f074c8 (webtiles) character file.

Game seed: 4255940487179915874, levelgen mode: deterministic

44387 Firecrotchwizard the Impaler (level 14, -25/129 HPs)
             Began as a Hill Orc Gladiator on Dec 29, 2019.
             Was the Champion of Beogh.
             Annihilated by Rupert
             ... wielding a +2 great sword of freezing
              (34 damage)
             ... on level 13 of the Dungeon.
             The game lasted 00:52:25 (18219 turns).

Firecrotchwizard the Impaler (Hill Orc Gladiator)  Turns: 18219, Time: 00:52:25

Health: -25/129    AC: 23    Str: 22    XL:     14   Next: 28%
Magic:  24/24      EV:  8    Int: 16    God:    Beogh [******]
Gold:   771        SH:  0    Dex: 14    Spells: 13/13 levels left

rFire    + . .     SeeInvis .   U - +1 glaive
rCold    + . .     Gourm    .   (shield currently unavailable)
rNeg     . . .     Faith    .   M - +0 plate armour
rPois    +         Spirit   .   y - +2 helmet "Xececat" {rPois MR++ Int+8 Stlth-}
rElec    .         Reflect  .   F - scarf {rC+ rF+}
rCorr    .         Harm     .   k - +0 pair of gloves
MR       ++++.                  s - +2 pair of boots
Stlth    ..........             r - amulet of regeneration {+regen, !d}
HPRegen  0.71/turn              i - ring of protection from magic {MR+, !d}
MPRegen  0.19/turn              X - +2 ring of dexterity

@: no status effects
A: walk on water
a: Smiting, Recall Orcish Followers, Give Item to Named Follower, Resurrection,
Renounce Religion


You were on level 13 of the Dungeon.
You worshipped Beogh.
Beogh was exalted by your worship.
You were not hungry.

You visited 2 branches of the dungeon, and saw 19 of its levels.
You also visited: Gauntlet.

You collected 1191 gold pieces.
You spent 420 gold pieces at shops.

Inventory:

Hand Weapons
 a - a +1 trident
 m - a +0 war axe
   (You found it on level 12 of the Dungeon)
 o - a +0 broad axe
   (You found it on level 4 of the Lair of Beasts)
 R - a +0 glaive
   (You took it off a death knight on level 12 of the Dungeon)
 U - a +1 glaive (weapon)
   (You took it off a naga on level 2 of the Lair of Beasts)
Missiles
 d - 3 throwing nets {=f, !d}
 P - 6 curare-tipped darts
Armour
 k - a +0 pair of gloves (worn)
   (You found it on level 8 of the Dungeon)
 s - a +2 pair of boots (worn)
   (You found it on level 2 of the Dungeon)
 y - the +2 helmet "Xececat" (worn) {rPois MR++ Int+8 Stlth-}
   (You found it on level 5 of the Dungeon)

   It affects your intelligence (+8).
   It protects you from poison.
   It affects your resistance to hostile enchantments.
   It makes you less stealthy.
 F - a scarf of resistance (worn)
   (You found it on level 6 of the Dungeon)
 M - a +0 plate armour (worn)
   (You found it on level 10 of the Dungeon)
Jewellery
 h - an uncursed ring of ice {rC+, rF-}
   (You found it on level 1 of the Dungeon)
 i - a ring of protection from magic (left hand) {MR+, !d}
   (You found it on level 1 of the Dungeon)
 n - an uncursed ring of see invisible {sInv, !d}
   (You found it on level 8 of the Dungeon)
 p - an uncursed amulet of guardian spirit {Spirit}
   (You found it on level 1 of the Dungeon)
 r - an amulet of regeneration (around neck) {+regen, !d}
   (You found it on level 2 of the Dungeon)
 J - an uncursed ring of positive energy {rN+}
   (You found it on level 10 of the Dungeon)
 N - an uncursed ring of ice {rC+, rF-}
   (You found it on level 9 of the Dungeon)
 X - a +2 ring of dexterity (right hand)
   (You found it on level 2 of the Lair of Beasts)
Wands
 D - a wand of acid (6)
   (You bought it in a shop on level 8 of the Dungeon)
 K - a wand of polymorph (10)
   (You found it on level 6 of the Lair of Beasts)
 L - a wand of flame (18)
   (You found it on level 11 of the Dungeon)
 O - a wand of iceblast (8)
   (You found it on level 12 of the Dungeon)
Scrolls
 b - a scroll of fog
 j - a scroll of blinking {!r}
 l - 4 scrolls of immolation {!r}
 q - 10 scrolls of remove curse
 t - 2 scrolls of magic mapping {!r}
 w - 9 scrolls of teleportation
 z - a scroll of amnesia
 A - 5 scrolls of enchant weapon
 Q - 4 scrolls of identify
 Y - 2 scrolls of fear
Potions
 c - 9 potions of flight
 e - 2 potions of mutation {unknown}
 g - 3 potions of cancellation
 u - 4 potions of agility
 v - 5 potions of heal wounds
 x - 9 potions of curing
 B - 2 potions of ambrosia
 C - a potion of berserk rage {unknown}
 E - 3 potions of resistance {unknown}
 H - 4 potions of might
 I - 5 potions of brilliance
 V - a potion of invisibility {unknown}
 W - 4 potions of haste
 Z - 2 potions of lignification {unknown}
Comestibles
 f - 37 rations


   Skills:
 + Level 13.2 Fighting
 * Level 16.6 Polearms
 - Level 1.8 Throwing
 + Level 10.6 Armour
 - Level 2.4 Dodging
   Level 4.0 Shields
 + Level 13.7 Invocations


You had 13 spell levels left.
You didn't know any spells.
Your spell library contained the following spells:

 Spells                   Type           Power        Failure   Level  Hunger
 Animate Skeleton         Necr           N/A          97%         1    ##.....
 Apportation              Tloc           #.....       97%         1    ##.....
 Confusing Touch          Hex            #.....       97%         1    ##.....
 Corona                   Hex            #......      97%         1    ##.....
 Foxfire                  Conj/Fire      #...         97%         1    ##.....
 Pain                     Necr           #...         97%         1    ##.....
 Summon Small Mammal      Summ           #...         97%         1    ##.....
 Corpse Rot               Necr/Air       N/A          99%         2    ###....
 Ensorcelled Hibernation  Hex/Ice        #.....       99%         2    ###....
 Poisonous Vapours        Pois/Air       #.....       99%         2    ###....
 Confuse                  Hex            #.......     100%        3    ####...
 Dazzling Flash           Conj/Hex       #.....       100%        3    ####...
 Regeneration             Chrm/Necr      #.........   100%        3    ####...
 Stone Arrow              Conj/Erth      #.....       100%        3    ####...
 Tukima's Dance           Hex            #.......     100%        3    ####...
 Vampiric Draining        Necr           #.........   100%        3    ####...
 Animate Dead             Necr           N/A          100%        4    #####..
 Fireball                 Conj/Fire      #.........   100%        5    ######.
 Summon Forest            Summ/Tloc      #.........   100%        5    ######.
 Eringya's Noxious Bog    Tmut/Pois      #.........   100%        6    #######
 Freezing Cloud           Conj/Ice/Air   #.........   100%        6    #######
 Hydra Form               Tmut           #.........   100%        6    #######
 Iron Shot                Conj/Erth      #.........   100%        6    #######
 Summon Hydra             Summ           #.........   100%        7    #######


Dungeon Overview and Level Annotations

Branches:
Dungeon (13/15)            Temple (0/1) D:6            Lair (6/6) D:10
  Swamp (0/4) Lair:3        Snake (0/4) Lair:2          Orc (0/2) D:9
 Vaults (0/5) D:13        Gauntlet (visited)
  Slime: Lair:5-6

Altars:
Ashenzari
Elyvilon
Fedhas
Hepliaklqana
Qazlal
Ru
Trog
The Shining One

Shops:
D:8 }:   D:9 *

Annotations:
D:2 1 runed translucent door, Crazy Yiuf
D:13 Rupert
Lair:6 3 runed translucent doors, exclusion: oklob plant, Zoeqih's ghost, journeyman MfIE


Message History

Your orc wizard hits the howler monkey but does no damage.
Your orc warrior hits Rupert!
Rupert hits you but does no damage.
You slash Rupert! The jelly hits you but does no damage.
Your orc wizard hits the jelly with a cursed +0 dagger.
Your orc wizard is burned by acid!
The howler monkey closely misses you.
Your orc wizard barely misses the howler monkey.
Your orc warrior closely misses Rupert.
You completely miss Rupert. The jelly hits you but does no damage.
Rupert hits you but does no damage.
The howler monkey hits you but does no damage.
Your orc wizard hits the jelly with a cursed +0 dagger.
Your orc wizard is burned by acid!
You hit Rupert but do no damage.
Your orc wizard hits the howler monkey but does no damage.
Your orc warrior closely misses Rupert.
The jelly closely misses your orc wizard.
The howler monkey hits you but does no damage.
Your orc wizard hits the jelly but does no damage.
Your orc wizard is burned by acid!
You barely miss Rupert.
Rupert hits you with a +2 great sword of freezing.
Rupert freezes you.
The howler monkey hoots and howls with incredible vigour!
The jelly barely misses your orc wizard.
You take 4 damage, and have 87/129 hp.
Unknown command.
You slash Rupert!
Your orc wizard closely misses the howler monkey.
Your orc warrior hits the howler monkey.
The howler monkey hits you but does no damage.
Rupert roars madly and goes into a rage!
Rupert goes berserk!
The jelly hits your orc wizard.
Your orc wizard is splashed with acid.
Your orc wizard seems to be corroded for longer.
You hit Rupert but do no damage.
Rupert hits you with a +2 great sword of freezing!
Your orc wizard hits the jelly with a cursed +0 dagger.
The jelly dies!
Beogh accepts your kill.
Your orc wizard hits the howler monkey with a +2 vampiric dagger.
Your orc warrior closely misses the howler monkey.
The howler monkey hoots and howls with incredible vigour!
You take 15 damage, and have 73/129 hp.
You hit Rupert but do no damage. Rupert hits you but does no damage.
The howler monkey hits you but does no damage.
Your orc wizard hits Rupert but does no damage.
Your orc wizard barely misses the howler monkey.
Your orc warrior hits the howler monkey!
You slash Rupert! Rupert hits you but does no damage.
The howler monkey hits your orc warrior.
Your orc wizard hits Rupert but does no damage.
Your orc wizard hits the howler monkey with a +2 vampiric dagger!
The howler monkey dies!
Beogh accepts your kill.
You barely miss Rupert.
Rupert hits you with a +2 great sword of freezing.
Your orc wizard hits Rupert but does no damage.
You slash Rupert! Rupert hits you but does no damage.
Your orc wizard casts a spell.
Your orc wizard flickers and vanishes for a moment.
You hit Rupert.
Rupert hits you with a +2 great sword of freezing.
Your orc wizard hits Rupert with a +2 vampiric dagger.
Your orc wizard hits Rupert but does no damage.
You take 2 damage, and have 73/129 hp.
You slash Rupert! Rupert closely misses you.
You slice Rupert!!
Your orc wizard hits Rupert but does no damage.
Your orc wizard gestures at Rupert while chanting.
The magic dart hits Rupert.
Rupert hits your orc wizard with a +2 great sword of freezing!!!
Rupert freezes your orc wizard.
Your orc wizard dies!
Rupert shouts!
You barely miss Rupert.
Your orc wizard no longer looks unusually strong.
Your orc wizard barely misses Rupert.
Rupert hits you with a +2 great sword of freezing!!
Rupert freezes you.
Your orc warrior hits Rupert.
You take 31 damage, and have 43/129 hp.
MASSIVE DAMAGE!!
You slice Rupert!!
Rupert hits you with a +2 great sword of freezing!!
* * * LOW HITPOINT WARNING * * *
Rupert freezes you.
* * * LOW HITPOINT WARNING * * *
Your orc wizard hits Rupert but does no damage.
Your orc warrior hits Rupert but does no damage.
You take 33 damage, and have 10/129 hp.
MASSIVE DAMAGE!!
You slash Rupert!
Rupert hits you with a +2 great sword of freezing.
* * * LOW HITPOINT WARNING * * *
Your orc wizard hits Rupert but does no damage.
Your orc warrior completely misses Rupert.
You take 2 damage, and have 8/129 hp.
You completely miss Rupert.
Rupert hits you with a +2 great sword of freezing!!
You die...

##.....####..
##.......##..#
#............#
#............#
#...........##
#...........##
#...........o##
#.....†....@@#
#..........o##
#####...........#
#..............##
##............###
.#......#.#..##
u......∩#....#
#.....###.#..#
#............#


You could see Rupert (berserk), a friendly orc warrior and a friendly orc
wizard.

Vanquished Creatures
  Josephine (Lair:4)
  5 hydras
  A death knight (D:12)
  A two-headed ogre (shapeshifter) (D:13)
  A skeletal warrior (D:12)
  A fire crab (Lair:6)
  3 ugly things (D:12)
  10 elephants (Lair:5)
  A centaur zombie (D:12)
  Psyche (D:11)
  2 black mambas
  A molten gargoyle (Lair:6)
  2 rime drakes
  5 spiny frogs
  5 komodo dragons
  A yaktaur (shapeshifter) (D:12)
  A troll (D:12)
  A polar bear (Lair:3)
  2 blink frogs
  5 hippogriffs
  2 spriggans
  4 wraiths (Lair:4)
  4 wyverns
  4 yaks
  3 basilisks
  2 steam dragons
  Menkaure (D:6)
  A hungry ghost (D:10)
  A naga (Lair:2)
  6 water moccasins
  A two-headed ogre zombie (D:9)
  A hell hound (Lair:6)
  9 porcupines
  An orc warrior (D:6)
  A phantom (D:9)
  2 sky beasts
  3 black bears
  A necrophage (D:8)
  6 ice beasts
  An eye of draining (D:9)
  8 ogres
  9 centaurs
  12 crocodiles
  5 wolves
  A big kobold (D:10)
  14 bullfrogs
  4 troll zombies (D:9)
  4 scorpions
  A water moccasin skeleton (D:5)
  23 killer bees
  4 wights
  8 jellies
  A howler monkey (D:5)
  3 crimson imps
  2 lava snakes (Lair:6)
  3 orc priests
  10 hounds
  A quasit (D:12)
  6 orc wizards
  A bullfrog skeleton (D:7)
  8 iguanas
  8 worker ants
  2 ogre zombies (D:9)
  A hound skeleton (D:4)
  4 gnolls (D:6)
  9 adders
  2 shadow imps
  An ooze (D:3)
  An adder zombie (D:6)
  2 worms
  4 dart slugs
  3 leopard geckos
  20 orcs
  7 bats
  6 giant cockroaches
  4 goblins
  8 hobgoblins
  11 jackals
  4 quokkas
  3 frilled lizards
  A hobgoblin skeleton (D:9)
  2 hobgoblin zombies (D:9)
  9 kobolds
  A leopard gecko zombie (D:7)
  11 orc zombies (D:9)
  A quokka skeleton (D:10)
  A quokka zombie (D:8)
  5 rats
  A fungus (Lair:4)
364 creatures vanquished.

Vanquished Creatures (collateral kills)
  A dire elephant (Lair:5)
  A fire dragon (Lair:6)
  2 hydras
  A two-headed ogre (D:11)
  A fire crab (Lair:6)
  2 ugly things
  A cyclops (D:12)
  7 elephants
  A centaur zombie (D:10)
  3 black mambas
  2 molten gargoyles (Lair:6)
  6 spiny frogs
  A rime drake (Lair:5)
  6 komodo dragons
  A rime drake (shapeshifter) (D:12)
  2 freezing wraiths (D:12)
  A queen bee (Lair:2)
  2 trolls
  7 blink frogs
  7 hippogriffs
  A dream sheep (Lair:1)
  2 spriggans
  4 yaks
  A wraith (Lair:4)
  4 basilisks
  A hungry ghost (D:9)
  2 steam dragons (Lair:6)
  3 nagas
  6 water moccasins
  3 hell hounds (Lair:6)
  5 porcupines
  3 black bears
  A sky beast (D:9)
  An eye of draining (D:9)
  A black bear (shapeshifter) (D:12)
  3 phantoms (D:9)
  An ice beast (D:9)
  6 wolves
  9 crocodiles
  4 centaurs
  5 bullfrogs
  A scorpion (D:9)
  24 killer bees
  3 howler monkeys
  2 wights (D:10)
  3 lava snakes (Lair:6)
  2 hounds (D:10)
  A jelly (D:13)
  2 worker ants
  An ogre zombie (D:9)
  2 adders
  A howler monkey skeleton (D:9)
  An orc (D:8)
  A goblin skeleton (D:9)
  2 goblin zombies (D:9)
  2 hobgoblin skeletons (D:9)
  3 hobgoblin zombies (D:9)
  3 orc zombies (D:9)
  2 bushes
  4 fungi
  2 plants (Lair:1)
183 creatures vanquished.

Vanquished Creatures (others)
  An orc wizard (D:13)
  3 orc warriors
  An orc priest (D:9)
  3 orcs
  A goblin (D:3)
  A hobgoblin (D:3)
  15 fungi (Lair:5)
  5 plants
30 creatures vanquished.

Grand Total: 577 creatures vanquished

Notes
Turn   | Place    | Note
-------+----------+-------------------------------------------
     0 | D:1      | Firecrotchwizard the Hill Orc Gladiator began the quest for
                  | the Orb.
     0 | D:1      | Reached XP level 1. HP: 18/18 MP: 1/1
   280 | D:1      | Reached XP level 2. HP: 25/25 MP: 2/2
   473 | D:1      | Reached skill level 1 in Shields
   725 | D:2      | Reached skill level 3 in Fighting
   725 | D:2      | Reached skill level 4 in Polearms
   725 | D:2      | Reached XP level 3. HP: 23/31 MP: 3/3
  1194 | D:2      | Reached XP level 4. HP: 32/38 MP: 4/4
  1303 | D:2      | Found a runed translucent door.
  1304 | D:2      | Noticed Crazy Yiuf
  1723 | D:3      | Became a worshipper of Beogh the Brigand
  1730 | D:3      | Reached skill level 2 in Shields
  1939 | D:3      | Reached XP level 5. HP: 30/46 MP: 5/5
  2138 | D:3      | Reached skill level 5 in Polearms
  2313 | D:4      | Found a bloodstained altar of Trog.
  2392 | D:4      | Reached skill level 1 in Invocations
  2413 | D:4      | Found a sacrificial altar of Ru.
  2467 | D:4      | Reached skill level 4 in Fighting
  2467 | D:4      | Reached XP level 6. HP: 39/52 MP: 5/7
  2605 | D:4      | Reached * piety under Beogh
  2840 | D:4      | Reached skill level 3 in Shields
  2951 | D:5      | Entered Level 5 of the Dungeon
  2959 | D:5      | Reached skill level 2 in Invocations
  3013 | D:5      | Noticed an ice beast
  3025 | D:5      | Killed an ice beast
  3025 | D:5      | Reached skill level 6 in Polearms
  3025 | D:5      | Reached XP level 7. HP: 60/60 MP: 8/8
  3061 | D:5      | Reached skill level 3 in Invocations
  3176 | D:5      | Reached skill level 5 in Fighting
  3176 | D:5      | Reached skill level 4 in Shields
  3225 | D:5      | Reached skill level 7 in Polearms
  3271 | D:5      | Reached skill level 4 in Invocations
  3271 | D:5      | Reached XP level 8. HP: 37/68 MP: 9/11
  3377 | D:5      | Got an encrusted helmet
  3408 | D:5      | Identified the +2 helmet "Xececat" {rPois MR++ Int+8
                  | Stlth-} (You found it on level 5 of the Dungeon)
  3514 | D:5      | Found a white marble altar of Elyvilon.
  3870 | D:6      | Reached skill level 6 in Fighting
  3870 | D:6      | Reached skill level 8 in Polearms
  3870 | D:6      | Reached skill level 5 in Invocations
  3899 | D:6      | Reached ** piety under Beogh
  4214 | D:6      | Noticed Menkaure
  4233 | D:6      | Killed Menkaure
  4233 | D:6      | Reached skill level 9 in Polearms
  4233 | D:6      | Reached skill level 6 in Invocations
  4233 | D:6      | Reached XP level 9. HP: 23/78 MP: 13/13
  4469 | D:6      | Reached skill level 7 in Fighting
  4486 | D:6      | Found a staircase to the Ecumenical Temple.
  4754 | D:7      | Found a blossoming altar of Fedhas.
  4834 | D:7      | Reached skill level 1 in Armour
  5392 | D:7      | Reached skill level 2 in Armour
  5461 | D:7      | Reached skill level 7 in Invocations
  5616 | D:8      | Reached skill level 10 in Polearms
  5696 | D:8      | Reached *** piety under Beogh
  5743 | D:8      | Found a glowing golden altar of the Shining One.
  5784 | D:8      | Found a hazy altar of Hepliaklqana.
  5843 | D:8      | Reached skill level 3 in Armour
  5844 | D:8      | Found Gighir's Book Emporium.
  5872 | D:8      | Reached skill level 8 in Fighting
  5991 | D:8      | Found Dess's Gadget Shop.
  5999 | D:8      | Bought a wand of acid (11) for 420 gold pieces
  6131 | D:9      | Reached XP level 10. HP: 75/86 MP: 15/15
  6320 | D:9      | Reached skill level 8 in Invocations
  6370 | D:9      | Reached skill level 4 in Armour
  6716 | D:9      | Reached skill level 11 in Polearms
  7041 | D:9      | Found Goemeo's Mayhem Merchandise.
  7112 | D:9      | Reached **** piety under Beogh
  7141 | D:9      | Reached skill level 9 in Fighting
  7182 | D:9      | Found a staircase to the Orcish Mines.
  7340 | D:9      | Reached skill level 5 in Armour
  7351 | D:9      | Reached skill level 9 in Invocations
  7789 | D:10     | Entered Level 10 of the Dungeon
  7912 | D:9      | Reached skill level 12 in Polearms
  7912 | D:9      | Reached XP level 11. HP: 94/95 MP: 17/17
  8048 | D:10     | Gained Borgun as an ally
  8062 | D:10     | Reached ***** piety under Beogh
  8398 | D:10     | Reached skill level 6 in Armour
  8499 | D:10     | Found a staircase to the Lair.
  8831 | Lair:1   | Entered Level 1 of the Lair of Beasts
  8867 | Lair:1   | Found a shattered altar of Ashenzari.
  8892 | Lair:1   | Reached skill level 10 in Invocations
  8906 | Lair:1   | Reached skill level 10 in Fighting
  9236 | Lair:1   | Found a gate leading to a gauntlet.
  9258 | Gauntlet | Entered a Gauntlet
  9258 | Gauntlet | Found a transporter.
  9258 | Gauntlet | Found a transporter.
  9258 | Gauntlet | Found a transporter.
  9259 | Gauntlet | Found a transporter.
  9260 | Gauntlet | Found a transporter.
  9263 | Gauntlet | Found a transporter.
  9275 | Gauntlet | Found a transporter.
  9278 | Gauntlet | Found a transporter.
  9280 | Gauntlet | Found a transporter.
  9280 | Gauntlet | Found a transporter.
  9286 | Gauntlet | Found a runed translucent door.
  9286 | Gauntlet | Noticed a hell hog
  9292 | Gauntlet | Found a transporter.
  9292 | Gauntlet | Noticed a reaper
  9294 | Gauntlet | Found a transporter.
  9735 | Lair:2   | Found a staircase to the Snake Pit.
  9758 | Lair:2   | Reached skill level 13 in Polearms
  9959 | Lair:2   | Reached skill level 7 in Armour
 10105 | Lair:2   | Reached XP level 12. HP: 84/108 MP: 20/20
 10371 | Lair:2   | Reached skill level 11 in Invocations
 10407 | Lair:2   | Identified the Volume of Damaging Contamination
 10488 | Lair:2   | Noticed a seven-headed hydra
 10496 | Lair:2   | Killed a seven-headed hydra
 10730 | Lair:2   | Reached skill level 11 in Fighting
 11211 | Lair:3   | Reached skill level 14 in Polearms
 11211 | Lair:3   | Reached skill level 8 in Armour
 11213 | Lair:3   | HP: 22/110 [polar bear (8)]
 11218 | Lair:3   | HP: 12/110 [centaur (2)]
 11483 | Lair:3   | Noticed a seven-headed hydra
 11487 | Lair:3   | Killed a seven-headed hydra
 11674 | Lair:3   | Found a staircase to the Swamp.
 12584 | Lair:4   | Noticed Josephine
 12596 | Lair:4   | Killed Josephine
 13185 | Lair:4   | Reached skill level 12 in Invocations
 13531 | Lair:5   | Noticed a six-headed hydra
 13550 | Lair:5   | Killed a six-headed hydra
 13550 | Lair:5   | Reached XP level 13. HP: 113/117 MP: 15/22
 13554 | Lair:5   | Reached skill level 9 in Armour
 13619 | Lair:5   | Got a steaming leather armour
 13648 | Lair:5   | Reached skill level 15 in Polearms
 13657 | Lair:5   | Reached skill level 12 in Fighting
 13727 | Lair:5   | Got a pitted ring mail
 13976 | Lair:5   | Noticed a dire elephant
 13984 | Lair:5   | Killed a dire elephant
 14605 | Lair:6   | Entered Level 6 of the Lair of Beasts
 14793 | Lair:6   | Noticed Zoeqih's ghost (journeyman MfIE)
 14794 | Lair:6   | Noticed a minotaur
 14820 | Lair:6   | Found a runed translucent gate.
 14820 | Lair:6   | Found a runed translucent gate.
 14820 | Lair:6   | Found a runed translucent gate.
 15108 | Lair:6   | Reached ****** piety under Beogh
 15112 | Lair:6   | Reached skill level 13 in Invocations
 15346 | Lair:6   | Reached skill level 10 in Armour
 15514 | Lair:6   | Found a large runed translucent door.
 15515 | Lair:6   | Found a large runed translucent door.
 15525 | Lair:6   | Noticed a fire dragon
 15540 | Lair:6   | Killed a fire dragon
 15569 | Lair:6   | Got a shimmering ring mail
 15848 | Lair:6   | Reached skill level 16 in Polearms
 16068 | Lair:6   | Got a ripped robe
 16802 | D:11     | Noticed Psyche
 16808 | D:11     | Killed Psyche
 17040 | D:11     | Reached XP level 14. HP: 114/127 MP: 24/24
 17246 | D:12     | Reached skill level 13 in Fighting
 17606 | D:12     | Found a stormy altar of Qazlal.
 18143 | D:13     | Found a gate to the Vaults.
 18162 | D:13     | Noticed Rupert
 18217 | D:13     | HP: 15/129 [Rupert/+2 great sword of freezing (29)]
 18219 | D:13     | Annihilated by Rupert

Levels and vault maps discovered:
D:1:      evilmike_arrival_home_sweet_home, layout_loops_ring
D:2:      layout_basic, chequers_serial_rivers_small_b, uniq_crazy_yiuf_cottage
D:3:      layout_rooms, serial_corexii_hall, corexii_hall_statues_i,
          corexii_hall_statues_s, corexii_hall_statues_i,
          corexii_hall_statues_i, minmay_starry_boxes
D:4:      minmay_spotlight, layout_loops_ring, nicolae_ru_sacrificial_ziggurat,
          overflow_temple_1_default, first_ration
D:5:      layout_rooms, elyvilon_altar_3
D:6:      layout_loops_ring, temple_hall, kennysheep_potato, uniq_menkaure
D:7:      layout_gridville, fedhas_altar_3, grunt_ogre_cave
D:8:      layout_gridville, lemuel_round_altar, tso_metal_star, serial_shops,
          nicolae_shop_statue_plus, shop
D:9:      layout_cave_pods, zombieorc2_lemuel, minmay_shop_mayhem
D:10:     layout_big_octagon, minmay_lair_entry_grove, kennysheep_generic_room_2
D:11:     layout_roguey, uniq_psyche
D:12:     layout_irregular_city, grunt_qazlal_sundering
D:13:     layout_cave_pods, david_vaults_2, basic_altar, uniq_rupert
Lair:1:   wad_woods_stonehenge, layout_big_grid, gauntlet_entry_generic
Lair:2:   regret_index_bee_streams, layout_long_grid,
          guppyfry_snake_entry_island
Lair:3:   layout_roguey, swamp_mist, nicolae_quartered_pool_little,
          forest_entry_grove
Lair:4:   layout_cave_pods, uniq_josephine
Lair:5:   mu_elephants_graveyard, layout_gridlike, st_stairs_13
Lair:6:   cheibrodos_lair_end_hotspot, layout_gridlike,
          minmay_slime_entry_oklob_enclosed, maelrawn_ghost_gauntlet_escape,
          minmay_stone_trees_small, serial_bayou_shore_b, serial_bayou_shore_b

Skill      XL: |  1  2  3  4  5  6  7  8  9 10 11 12 13 14 |
---------------+-------------------------------------------+-----
Shields        | 1 2 3 4 |  4.0
Fighting       | 3 4 5 6 8 9 10 11 12 13 | 13.2
Polearms       | 4 5 6 7 9 10 12 13 14 16 | 16.6
Invocations    | 1 2 4 6 7 9 10 12 13 | 13.7
Armour         | 3 5 7 8 10 | 10.6
Throwing       | |  1.8
Dodging        | |  2.4

Action                   |  1- 3 |  4- 6 |  7- 9 | 10-12 | 13-15 || total
-------------------------+-------+-------+-------+-------+-------++-------
Melee: Trident           |   133 |   184 |   537 |   758 |    27 ||  1639
       Glaive            |       |       |       |   249 |   392 ||   641
Throw: Throwing net      |       |       |     1 |       |       ||     1
Invok: Convert to Beogh  |       |     1 |       |       |       ||     1
       Smiting           |       |       |       |     7 |     6 ||    13
       Recall Orcish Fol |       |       |       |       |     2 ||     2
       Give Item to Name |       |       |       |       |     1 ||     1
Evoke: Wand              |       |       |       |     3 |     2 ||     5
  Use: Scroll            |     4 |       |    11 |    11 |       ||    26
       Potion            |       |       |       |     1 |     1 ||     2
 Stab: Sleeping          |     1 |       |       |       |       ||     1
       Distracted        |       |     1 |       |     7 |     6 ||    14
       Held in net/web   |       |       |     2 |       |       ||     2
  Eat: Chunk             |     1 |     6 |    11 |    28 |    14 ||    60
       Ration            |       |       |       |     1 |     1 ||     2
Armor: Leather armour    |    46 |     7 |       |       |       ||    53
       Ring mail         |       |    35 |       |       |       ||    35
       Chain mail        |       |    36 |   193 |   253 |       ||   482
       Plate armour      |       |       |       |   346 |   356 ||   702
Dodge: Dodged            |    63 |    68 |   111 |   327 |   176 ||   745
Block: Buckler           |    22 |    29 |    69 |   147 |       ||   267

Table legend:
 A = Non-vault XP
 B = Vault XP
 C = Vault XP percentage of total XP
 D = Non-vault monster count
 E = Vault monster count
 F = Vault count percentage of total count
                 A         B        C        D         E       F
            +---------+---------+-------+---------+---------+-------
      Total |   38291 |   25120 |  39.6 |     359 |     179 |  33.3
            +---------+---------+-------+---------+---------+-------
        D:1 |      27 |       0 |   0.0 |      15 |       0 |   0.0
        D:2 |      86 |       0 |   0.0 |      27 |       0 |   0.0
        D:3 |      80 |      15 |  15.8 |      11 |       3 |  21.4
        D:4 |     173 |      58 |  25.1 |      12 |       3 |  20.0
        D:5 |    1037 |       0 |   0.0 |      22 |       0 |   0.0
        D:6 |     994 |     175 |  15.0 |      27 |       1 |   3.6
        D:7 |     934 |     125 |  11.8 |      28 |       1 |   3.4
        D:8 |    1224 |       0 |   0.0 |      14 |       0 |   0.0
        D:9 |    2941 |    1179 |  28.6 |      38 |      40 |  51.3
       D:10 |    1970 |     659 |  25.1 |      33 |       9 |  21.4
       D:11 |    1804 |     448 |  19.9 |      10 |       1 |   9.1
       D:12 |    7305 |     240 |   3.2 |      25 |       2 |   7.4
       D:13 |      78 |     877 |  91.8 |       3 |       1 |  25.0
     Lair:1 |    1864 |    1448 |  43.7 |      12 |       9 |  42.9
     Lair:2 |    3209 |    4123 |  56.2 |      13 |      49 |  79.0
     Lair:3 |    4219 |     667 |  13.7 |      17 |       7 |  29.2
     Lair:4 |    1904 |    1567 |  45.1 |      13 |       6 |  31.6
     Lair:5 |    5023 |    6952 |  58.1 |      24 |      19 |  44.2
     Lair:6 |    3419 |    6587 |  65.8 |      15 |      28 |  65.1
            +---------+---------+-------+---------+---------+-------

Levels and vault maps discovered:
D:1:      evilmike_arrival_home_sweet_home, layout_loops_ring
D:2:      layout_basic, chequers_serial_rivers_small_b, uniq_crazy_yiuf_cottage
D:3:      layout_rooms, serial_corexii_hall, corexii_hall_statues_i,
          corexii_hall_statues_s, corexii_hall_statues_i,
          corexii_hall_statues_i, minmay_starry_boxes
D:4:      minmay_spotlight, layout_loops_ring, nicolae_ru_sacrificial_ziggurat,
          overflow_temple_1_default, first_ration
D:5:      layout_rooms, elyvilon_altar_3
D:6:      layout_loops_ring, temple_hall, kennysheep_potato, uniq_menkaure
D:7:      layout_gridville, fedhas_altar_3, grunt_ogre_cave
D:8:      layout_gridville, lemuel_round_altar, tso_metal_star, serial_shops,
          nicolae_shop_statue_plus, shop
D:9:      layout_cave_pods, zombieorc2_lemuel, minmay_shop_mayhem
D:10:     layout_big_octagon, minmay_lair_entry_grove, kennysheep_generic_room_2
D:11:     layout_roguey, uniq_psyche
D:12:     layout_irregular_city, grunt_qazlal_sundering
D:13:     layout_cave_pods, david_vaults_2, basic_altar, uniq_rupert
Lair:1:   wad_woods_stonehenge, layout_big_grid, gauntlet_entry_generic
Lair:2:   regret_index_bee_streams, layout_long_grid,
          guppyfry_snake_entry_island
Lair:3:   layout_roguey, swamp_mist, nicolae_quartered_pool_little,
          forest_entry_grove
Lair:4:   layout_cave_pods, uniq_josephine
Lair:5:   mu_elephants_graveyard, layout_gridlike, st_stairs_13
Lair:6:   cheibrodos_lair_end_hotspot, layout_gridlike,
          minmay_slime_entry_oklob_enclosed, maelrawn_ghost_gauntlet_escape,
          minmay_stone_trees_small, serial_bayou_shore_b, serial_bayou_shore_b

Table legend:
 A = Turns spent in this place as a percentage of turns spent in the entire game.
 B = Non-inter-level travel turns spent in this place as a percentage of non-inter-level travel turns spent in the entire game.
 C = Inter-level travel turns spent in this place as a percentage of turns spent in this place.
 D = Turns resting spent in this place as a percentage of non-inter-level travel turns spent in this place.
 E = Turns spent auto-exploring this place as a percentage of non-inter-level travel turns spent in this place.
 F = Non-inter-level travel turns spent in this place divided by the number of levels of this place that you've seen.
                   A       B       C       D       E      F
               +-------+-------+-------+-------+-------+----------------------
         Total | 100.0 | 100.0 |   3.9 |  18.6 |  55.0 | 875.2
       Dungeon |  57.7 |  57.3 |   4.6 |  14.9 |  58.3 | 771.6
          Lair |  42.0 |  42.3 |   3.0 |  23.8 |  50.9 | 1235.5
      Gauntlet |   0.3 |   0.3 |   0.0 |   0.0 |   0.0 |  61.0
               +-------+-------+-------+-------+-------+----------------------

Table legend:
 A = Kills in this place as a percentage of kills in entire the game.
 B = Kills by you in this place as a percentage of kills by you in the entire game.
 C = Kills by friends in this place as a percentage of kills by friends in the entire game.
 D = Other kills in this place as a percentage of other kills in the entire game.
 E = Experience gained in this place as a percentage of experience gained in the entire game.
 F = Experience gained in this place divided by the number of levels of this place that you have seen.
                   A       B       C       D       E      F
               +-------+-------+-------+-------+-------+----------------------
         Total | 100.0 | 100.0 | 100.0 |   N/A | 100.0 | 3170.6
       Dungeon |  60.6 |  70.8 |  39.4 |   N/A |  35.4 | 1725.3
          Lair |  39.4 |  29.2 |  60.6 |   N/A |  64.6 | 6830.3
               +-------+-------+-------+-------+-------+----------------------
